 Dungeon Crawl Stone Soup version 0.29.1-1-gd02db6906a (webtiles) character file.

Game seed: 15048924616403337871

2726 karrick the Basher (level 9, -5/56 HPs)
             Began as a Gargoyle Fighter on Sept 28, 2022.
             Was a Believer of Okawaru.
             Slain by a wight
             ... wielding a +5 spear of freezing
              (8 damage)
             ... on level 7 of the Dungeon.
             The game lasted 00:16:12 (9583 turns).

karrick the Basher (Gargoyle Fighter)               Turns: 9583, Time: 00:16:17

Health: -5/56      AC: 17    Str: 20    XL:     9   Next: 67%
Magic:  9/9        EV:  9    Int:  9    God:    Okawaru [**....]
Gold:   562        SH:  0    Dex: 13    Spells: 8/8 levels left

rFire   . . .      SeeInvis .   a - +0 flail
rCold   . . .      Faith    .   c - +0 buckler
rNeg    + . .      Spirit   .   b - +0 scale mail
rPois   ∞          Reflect  .   (no helmet)
rElec   +          Harm     .   i - scarf {shadows}
rCorr   .          Rampage  .   L - +2 pair of gloves
Will    +....                   (no boots)
Stlth   ..........              (no amulet)
HPRegen 0.18/turn               I - ring of willpower
MPRegen 0.11/turn               (no ring)

@: confused, on berserk cooldown, slowed, very slow
A: sickness immunity, AC +6, negative energy resistance 1, electricity
resistance, torment resistance 1, petrification resistance
a: Renounce Religion, Heroism


You were on level 7 of the Dungeon.
You worshipped Okawaru.
Okawaru was pleased with you.
You visited 1 branch of the dungeon, and saw 7 of its levels.

You collected 562 gold pieces.

Inventory:

Hand Weapons
 a - a +0 flail (weapon)
 E - a +0 hand axe of flaming
Missiles
 K - 2 silver javelins (quivered)
Armour
 b - a +0 scale mail (worn)
 c - a +0 buckler (worn)
 i - a scarf of shadows (worn)
 w - an orb of mayhem
 L - a +2 pair of gloves (worn)
Jewellery
 I - a ring of willpower (left hand)
Wands
 p - a wand of iceblast (11)
 B - a wand of mindburst (14)
Scrolls
 f - 2 scrolls of magic mapping {unknown}
 j - a scroll of noise {unknown}
 l - 4 scrolls of identify {unknown}
 o - 3 scrolls of butterflies {unknown}
 r - 2 scrolls of fear {unknown}
 s - a scroll of immolation {unknown}
 t - 3 scrolls of teleportation {unknown}
 v - a scroll of acquirement {unknown}
 x - a scroll of enchant weapon {unknown}
 y - a scroll of summoning {unknown}
 z - a scroll of blinking {unknown}
 C - a scroll of amnesia {unknown}
 H - a scroll of poison {unknown}
Potions
 d - 3 potions of might
 e - 2 potions of curing {unknown}
 g - 2 potions of haste
 h - 2 potions of invisibility
 k - 5 potions of mutation {unknown}
 n - 2 potions of heal wounds {unknown}
 q - 2 potions of lignification {unknown}
 u - a potion of flight {unknown}
 A - a potion of brilliance {unknown}
 D - 2 potions of attraction {unknown}
 F - 2 potions of ambrosia {unknown}
 G - a potion of resistance {unknown}
 J - a potion of magic {unknown}
 M - 3 potions of degeneration {unknown}


   Skills:
 + Level 6.7 Fighting
 + Level 9.1 Maces & Flails
 + Level 7.8 Armour
 + Level 1.0 Stealth
 + Level 5.7 Shields


You had 8 spell levels left.
You didn't know any spells.
Your spell library contained the following spells:

 Spells                   Type           Power      Damage    Failure   Level
 Necrotise                Necr           0%         1d4       78%         1
 Shock                    Conj/Air       0%         1d3       78%         1
 Swiftness                Air            0%         N/A       98%         3
 Vampiric Draining        Necr           0%         2d6       98%         3
 Airstrike                Air            0%         2d(0-16)  100%        4
 Agony                    Necr           0%         N/A       100%        5
 Blade Hands              Tmut           0%         N/A       100%        5
 Iron Shot                Conj/Erth      0%         9d1       100%        6
 Animate Armour           Summ/Erth      Unusable   N/A       N/A         4

Dungeon Overview and Level Annotations

Branches:
Dungeon (7/15)             Temple (0/1) D:4

Altars:
Ashenzari
Fedhas
Okawaru
Trog
Yredelemnul

Annotations:
D:3 3 runed translucent doors, GravelGoth's ghost, amateur DsGl
D:7 3 runed translucent doors


Innate Abilities, Weirdness & Mutations

You are immune to sickness and miasma.
Your stone body is resilient. (AC +6)
You are immune to poison.
You resist negative energy. (rN+)
You are resistant to electric shocks. (rElec)
You are resistant to unholy torment.
You are immune to petrification.


Message History

You block the wight's attack.
Things that are here:
a +3 halberd; a +0 robe You barely miss the wight.
You block the wight's attack.
You hit the wight.
The wight is moderately damaged.
You hit the wight.
The wight is severely damaged.
The wight hits you with a +0 morningstar.
You closely miss the wight.
The wight is severely damaged.
You thump the wight!
You destroy the wight!
Okawaru accepts your kill.
The wight zaps a wand.
The bolt of light hits you!
* * * LOW HITPOINT WARNING * * *
Your Maces & Flails skill increases to level 9!
The wight closely misses you. You block the wight's attack.
Things that are here:
a +0 morningstar; 2 stones; a +0 robe You barely miss the wight.
You are no longer berserk.
You are exhausted.
You feel yourself slow down.
You closely miss the wight. The wight closely misses you.
The wight zaps a wand.
The bolt of light hits you but does no damage.
The wight hits you but does no damage. The wight closely misses you.
You closely miss the wight. The wight hits you but does no damage.
The wight zaps a wand.
The bolt of light hits you!
You are confused.
* * * LOW HITPOINT WARNING * * *
You bump into the rock wall.
The wight hits you from afar with a +5 spear of freezing.
* * * LOW HITPOINT WARNING * * *
The wight freezes you.
* * * LOW HITPOINT WARNING * * *
The wight hits you but does no damage. x2
The wight hits you from afar with a +5 spear of freezing!
You die...

#.# .#. ...##
⌠.......⌠
....#
♣.......♣
:...# ##+++##
#..<## .....
###..# .z.
##.# #z# #.##
#@# ##.# #)#
#.## #)# #..#
##.# ##.#
##..#
#.#######..##
#.........##
#..########
#.##


You could see 2 wights.

Vanquished Creatures
  Grinder (D:6)
  Sigmund (D:2)
  3 yaks (D:6)
  A water moccasin (D:6)
  2 black bears (D:6)
  2 ogres (D:4)
  A phantom (D:5)
  A centaur (D:6)
  A necrophage (D:6)
  A gnoll sergeant (D:6)
  3 scorpions
  3 wights (D:7)
  3 howler monkeys
  A gnoll bouda (D:4)
  2 hounds (D:5)
  2 orc priests
  4 iguanas
  3 orc wizards
  Robin (D:2)
  18 gnolls
  12 adders
  A white imp (D:6)
  An ufetubus (D:6)
  A worm (D:2)
  4 dart slugs
  23 orcs
  A bat (D:2)
  12 endoplasms
  4 giant cockroaches
  18 goblins
  14 hobgoblins
  4 jackals (D:3)
  5 kobolds
  3 quokkas
  4 ball pythons
  3 frilled lizards
  7 rats
171 creatures vanquished.

Vanquished Creatures (others)
  An orc wizard (D:5)
  15 plants
16 creatures vanquished.

Grand Total: 187 creatures vanquished

Notes
Turn   | Place    | Note
-------+----------+-------------------------------------------
     0 | D:1      | karrick the Gargoyle Fighter began the quest for the Orb.
     0 | D:1      | Reached XP level 1. HP: 14/14 MP: 1/1
   295 | D:1      | Reached XP level 2. HP: 13/19 MP: 2/2
   711 | D:1      | Found a faded altar of an unknown god.
   888 | D:1      | Reached XP level 3. HP: 24/24 MP: 3/3
  1953 | D:2      | Reached skill level 3 in Maces & Flails
  1953 | D:2      | Reached XP level 4. HP: 29/29 MP: 4/4
  2267 | D:2      | Reached XP level 5. HP: 28/33 MP: 5/5
  2394 | D:2      | Noticed Sigmund
  2401 | D:2      | Killed Sigmund
  2402 | D:2      | Reached skill level 4 in Maces & Flails
  2402 | D:2      | Reached XP level 6. HP: 25/39 MP: 6/6
  2894 | D:3      | Noticed Robin
  2958 | D:2      | Killed Robin
  3290 | D:3      | Found an iron altar of Okawaru.
  3291 | D:3      | Found a basalt altar of Yredelemnul.
  3308 | D:3      | Became a worshipper of Warmaster Okawaru
  3477 | D:3      | Reached skill level 5 in Maces & Flails
  3826 | D:3      | Reached XP level 7. HP: 39/44 MP: 7/7
  3900 | D:3      | Found a runed translucent gate.
  3900 | D:3      | Found a runed translucent gate.
  3901 | D:3      | Found a runed translucent gate.
  3903 | D:3      | Noticed GravelGoth's ghost (amateur DsGl)
  4203 | D:4      | Found a broken altar of Ashenzari.
  4302 | D:5      | Entered Level 5 of the Dungeon
  4567 | D:4      | Found a staircase to the Ecumenical Temple.
  5075 | D:4      | Reached skill level 5 in Fighting
  5428 | D:4      | Reached skill level 6 in Maces & Flails
  5819 | D:4      | Reached skill level 5 in Armour
  5847 | D:4      | Reached * piety under Okawaru
  6297 | D:5      | Reached XP level 8. HP: 42/49 MP: 8/8
  6415 | D:5      | Reached skill level 5 in Shields
  6623 | D:5      | Reached skill level 7 in Maces & Flails
  7213 | D:5      | Found a blossoming altar of Fedhas.
  8092 | D:6      | Noticed Grinder
  8380 | D:6      | Reached ** piety under Okawaru
  8673 | D:6      | Found a bloodstained altar of Trog.
  8686 | D:6      | Reached XP level 9. HP: 49/55 MP: 9/9
  8918 | D:6      | Reached skill level 8 in Maces & Flails
  9255 | D:6      | Killed Grinder
  9256 | D:6      | Reached skill level 1 in Stealth
  9365 | D:7      | Noticed a cyclops
  9559 | D:7      | Found a runed translucent gate.
  9559 | D:7      | Found a runed translucent gate.
  9559 | D:7      | Found a runed translucent gate.
  9579 | D:7      | Reached skill level 9 in Maces & Flails
  9583 | D:7      | Slain by a wight

Illustrated notes

Levels and vault maps discovered:
D:1:      dpeg_arrival_signposts, layout_basic,
          shapermc_ecumenical_altar_ellora, minmay_pentomino_x2
D:2:      layout_loops_cross, grunt_decor_cap, st_stairs_2,
          kennysheep_generic_room_10, uniq_sigmund
D:3:      layout_loops_ring, chequers_temple_overflow_statue_of_worship,
          gammafunk_ghost_nasty_kobolds, minmay_quantized, uniq_robin
D:4:      layout_basic, nicolae_ashenzari_panopticon, minmay_temple_entry_fiery
D:5:      layout_loops_cross, fedhas_altar_decomposition, item_on_display_a
D:6:      layout_basic, trog_ov_bears_minmay, kennysheep_boxes, uniq_grinder
D:7:      layout_cave_pods, overflow_temple_1_default, gammafunk_ghost_cemetery,
          uniq_menkaure

Skill      XL: |  1  2  3  4  5  6  7  8  9 |
---------------+----------------------------+-----
Maces & Flails | 3 4 5 6 7 9 |  9.1
Armour         | 4 5 6 7 |  7.8
Fighting       | 4 5 6 |  6.7
Shields        | 4 5 |  5.7
Stealth        | 1 |  1.0

Action                   |  1- 3 |  4- 6 |  7- 9 || total
-------------------------+-------+-------+-------++-------
Melee: Flail             |   133 |   169 |   461 ||   763
Invok: Heroism           |       |       |     1 ||     1
  Use: Potion            |       |     1 |     3 ||     4
 Stab: Invisible         |       |       |     1 ||     1
Armor: Scale mail        |    91 |    93 |   261 ||   445
Dodge: Dodged            |    62 |    75 |   204 ||   341
Block: Buckler           |    28 |    47 |    91 ||   166
